 Dungeon Crawl Stone Soup version 0.20.1-1-g8b1a95d (webtiles) character file.

91 JeffiDaFish the Shield-Bearer (level 4, -3/28 HPs)
             Began as a Gargoyle Fighter on Oct 8, 2017.
             Slain by a worm (6 damage)
             ... on level 2 of the Dungeon.
             The game lasted 00:02:20 (923 turns).

JeffiDaFish the Shield-Bearer (Gargoyle Fighter)     Turns: 923, Time: 00:02:21

Health: -3/28      AC: 12    Str: 19    XL:     4   Next: 57%
Magic:  4/4        EV:  7    Int:  9    God:
Gold:   39         SH:  9    Dex: 10    Spells: 3/3 levels left

rFire    . . .     SeeInvis .   a - +1 flail
rCold    . . .     Gourm    .   c - +0 shield
rNeg     + . .     Faith    .   b - +0 scale mail
rPois    ∞         Spirit   .   i - +0 helmet
rElec    +         Reflect  .   (no cloak)
rCorr    .         Harm     .   h - +0 pair of gloves
MR       .....                  (no boots)
Stlth    ..........             (no amulet)
Regen    0.1/turn               (no ring)
MPRegen  0.1/turn               (no ring)

@: no status effects
A: negative energy resistance 1, electricity resistance, unbreathing,
petrification resistance, rot immunity, AC +3
a: no special abilities


You were on level 2 of the Dungeon.
You were not hungry.

You visited 1 branch of the dungeon, and saw 2 of its levels.

You collected 39 gold pieces.

Inventory:

Hand Weapons
 a - a +1 flail (weapon)
Armour
 b - a +0 scale mail (worn)
 c - a +0 shield (worn)
 h - a +0 pair of gloves (worn)
 i - a +0 helmet (worn)
Scrolls
 e - a scroll of teleportation
 j - a scroll of blinking
 l - a scroll of identify
Potions
 d - a potion of might
Comestibles
 f - 2 bread rations
 g - a royal jelly
 k - 4 chunks of flesh


   Skills:
 + Level 3.6 Fighting
 + Level 3.1 Maces & Flails
 + Level 3.6 Armour
 + Level 1.0 Dodging
 + Level 0.2 Stealth
 + Level 4.0 Shields


You had 3 spell levels left.
You didn't know any spells.

Dungeon Overview and Level Annotations

Branches:
Dungeon (2/15)

Altars:
Cheibriados


Innate Abilities, Weirdness & Mutations

You are resistant to torment.
Your stone body is resilient. (AC +3)
You are immune to poison.
You resist negative energy. (rN+)
You are resistant to electric shocks. (rElec)
You can survive without breathing.
You are immune to petrification.
You are immune to rotting.


Message History

The gnoll barely misses you.
You hit the gnoll but do no damage.
The gnoll is almost dead.
The gnoll hits you with a flail.
* * * LOW HITPOINT WARNING * * *
The gnoll barely misses you.
You hit the gnoll.
You kill the gnoll!
Your Dodging skill increases to level 1!
The goblin barely misses you.
Your shield and scale mail prevent you from hitting the goblin.
You block the goblin's attack.
Your shield and scale mail prevent you from hitting the goblin.
You block the goblin's attack.
You barely miss the goblin. The goblin hits you.
* * * LOW HITPOINT WARNING * * *
You hit the goblin.
You kill the goblin!
You barely miss the worm. The worm bites you.
You die...

.. ####.### #.#
###.... #.. #.....#
#.## ##.#.#.. #
#..####..#.##. #.#
#......##.### #...###
#............
#....#####..[.........
#.@w....#..........
####..###..........
#..###..........
#...##...?......
#...†...........
......w.[........(
.....#####..........
..... ..... #.... ....


You could see a worm.

Vanquished Creatures
  4 gnolls (D:2)
  2 adders (D:2)
  An ooze (D:1)
  A worm (D:2)
  A dart slug (D:1)
  A leopard gecko (D:2)
  5 giant cockroaches (D:1)
  4 goblins
  3 bats (D:1)
  3 frilled lizards
  A kobold (D:1)
  A rat (D:1)
27 creatures vanquished.

Notes
Turn   | Place    | Note
-------+----------+-------------------------------------------
     0 | D:1      | JeffiDaFish the Gargoyle Fighter began the quest for the Orb.
     0 | D:1      | Reached XP level 1. HP: 14/14 MP: 1/1
   267 | D:1      | Reached XP level 2. HP: 19/19 MP: 2/2
   743 | D:2      | Reached XP level 3. HP: 22/23 MP: 3/3
   794 | D:2      | Found a snail-covered altar of Cheibriados.
   902 | D:2      | Reached XP level 4. HP: 22/28 MP: 4/4
   905 | D:2      | Reached skill level 4 in Shields
   918 | D:2      | Reached skill level 1 in Dodging
   923 | D:2      | Slain by a worm

Skill      XL: |  1  2  3  4 |
---------------+-------------+-----
Maces & Flails | 3 |  3.1
Shields        | 4 |  4.0
Dodging        | 1 |  1.0
Fighting       | |  3.6
Armour         | |  3.6
Stealth        | |  0.2

Action                   |  1- 3 |  4- 6 || total
-------------------------+-------+-------++-------
Melee: Flail             |   124 |    17 ||   141
  Use: Scroll            |     4 |       ||     4
       Potion            |     3 |       ||     3
Armor: Scale mail        |    96 |     2 ||    98
Dodge: Dodged            |    53 |     6 ||    59
Block: Shield            |    87 |    10 ||    97
